 Dungeon Crawl Stone Soup version 0.14-a0-1076-gee4852e (webtiles) character file.

164 PolkaDot the Ruinous (level 4, -1/30 HPs)
             Began as a Vampire Conjurer on Nov 25, 2013.
             Slain by a gnoll
             ... wielding a +0,+0 spear
              (4 damage)
             ... on Level 3 of the Dungeon on Nov 26, 2013.
             The game lasted 00:06:16 (1892 turns).

PolkaDot the Ruinous (Vampire Conjurer)             Turns: 1892, Time: 00:06:16

HP  -1/30        AC  5     Str  7      XL: 4   Next: 42%
MP   2/8         EV 12     Int 18      God:
Gold 67          SH  0     Dex 14      Spells:  2 memorised,  2 levels left

rFire  x . .     SeeInvis +     j - +1,+5 dwarf short sword
rCold  + + .     Clarity  .     i - +2 elf robe {rC+}
rNeg   . . .     Conserve .     (no shield)
rPois  .         rCorr    .     (no helmet)
rElec  .         rRot     .     o - +0 cloak (curse)
SustAb . .       Spirit   .     (no gloves)
rMut   .         Warding  .     (no boots)
Saprov . . .     Stasis   .     (no amulet)
                                (no ring)
                                f - ring of ice

@: regenerating quickly, slightly resistant to hostile enchantments, stealthy
A: fangs 3, see invisible, unbreathing
a: no special abilities


You were on level 3 of the Dungeon.
You were very full.

You visited 1 branch of the dungeon, and saw 3 of its levels.

You collected 67 gold pieces.

Inventory:

Hand weapons
 j - a +1,+5 dwarven short sword (weapon)
Armour
 i - a +2 elven robe of cold resistance (worn)
 o - a cursed +0 cloak (worn)
Scrolls
 b - 3 scrolls of identify {unknown}
 e - 2 scrolls of random uselessness {unknown}
 g - 2 scrolls of enchant armour {unknown}
 h - 2 scrolls of amnesia {unknown}
 k - a scroll of curse jewellery {unknown}
 l - a scroll of enchant weapon I {unknown}
 m - a scroll of remove curse {unknown}
 n - a scroll of enchant weapon II {unknown}
Jewellery
 f - a ring of ice (left hand)
Books
 a - a book of Beasts

   Spells                             Type                      Level
   Summon Butterflies                 Summoning                    1
   Sticks to Snakes                   Transmutation                2
   Call Canine Familiar               Summoning                    3
   Ice Form                           Ice/Transmutation            4
   Summon Ice Beast                   Ice/Summoning                4
   Summon Hydra                       Summoning                    7
 c - a book of Conjurations

   Spells                             Type                      Level
   *Magic Dart                        Conjuration                  1
   *Searing Ray                       Conjuration                  2
   Dazzling Spray                     Conjuration/Hexes            3
   Iskenderun's Mystic Blast          Conjuration                  4
   Iskenderun's Battlesphere          Conjuration/Charms           4
   Fulminant Prism                    Conjuration/Hexes            5


   Skills:
 - Level 2.1 Dodging
 - Level 3.0 Stealth
 - Level 1.0 Spellcasting
 * Level 4.4 Conjurations


You had 2 spell levels left.
You knew the following spells:

 Your Spells              Type           Power        Failure   Level  Hunger
a - Magic Dart            Conj           ###.         3%          1    ##.....
s - Searing Ray           Conj           ###...       6%          2    ###....


Dungeon Overview and Level Annotations

Branches:
Dungeon (3/16)

Altars:

Annotations:
D:2 Terence


Innate Abilities, Weirdness & Mutations

Your natural rate of healing is unusually fast.
You have razor-sharp teeth.*
You have supernaturally acute eyesight.
You can survive without breathing.*


Message History

The rat bites you but does no damage.
Casting: Searing Ray
Confirm with . or Enter, or press ? or * to list all spells.
Aiming: Searing Ray
Press: ? - help, Shift-Dir - straight line, f - rat
Aim: a rat The searing ray hits the rat.
You kill the rat!
The searing ray hits the gnoll.
The gnoll is heavily wounded.
The gnoll hits you with a club.
* * * LOW HITPOINT WARNING * * *
The searing ray hits the gnoll.
You kill the gnoll!
The gnoll hits you from afar with a spear.
* * * LOW HITPOINT WARNING * * *
The searing ray hits the gnoll.
The gnoll is almost dead.
The gnoll hits you from afar with a spear.
You die...

.......#####...# #...
.......#.......### #...
.......#.#.......# #...
.......#.#.....#.# #...
...?.....#...g.#.# ###.
####?#.##......#.# #.
#....#..g...#g# #.
###.........#)# #. #.....#.####@#
#. #.)..........# ###### #.
..........#..#.#.# #....#######.
######..#.#..#.#.####.##.#.......
#....#.#..............#.######
...#....###########...#...###..
.#.###### #...#........ #
#....)...##.# #..##....#


You could see a gnoll.

Vanquished Creatures
  3 gnolls (D:3)
  2 adders (D:2)
  A worm (D:2)
  A giant gecko (D:1)
  2 ball pythons (D:1)
  4 bats
  8 goblins
  7 hobgoblins
  2 jackals (D:1)
  A quokka (D:2)
  2 giant cockroaches (D:2)
  3 giant newts (D:2)
  6 kobolds
  6 rats
48 creatures vanquished.

Notes
Turn   | Place    | Note
--------------------------------------------------------------
     0 | D:1      | PolkaDot, the Vampire Conjurer, began the quest for the Orb.
     0 | D:1      | Reached XP level 1. HP: 13/13 MP: 4/4
   263 | D:1      | Reached XP level 2. HP: 19/19 MP: 1/5
  1208 | D:2      | Reached XP level 3. HP: 22/24 MP: 6/6
  1222 | D:2      | Learned a level 2 spell: Searing Ray
  1251 | D:2      | Reached skill level 4 in Conjurations
  1564 | D:2      | Noticed Terence
  1837 | D:3      | Reached XP level 4. HP: 21/30 MP: 2/8
  1892 | D:3      | Slain by a gnoll

Action                   |  1- 3 |  4- 6 || total
-------------------------+-------+-------++-------
Melee: Unarmed           |    30 |       ||    30
       Short sword       |    58 |     4 ||    62
 Cast: Magic Dart        |    48 |       ||    48
       Searing Ray       |     3 |     1 ||     4
  Use: Potion            |     2 |     1 ||     3
 Stab: Sleeping          |     3 |       ||     3
       Distracted        |     1 |       ||     1
